[ AOE2 MATCH · #506228952 ]
UnrankedTeutons vs Britons
Player's team · WIN
Rival team · LOSS
[ REPLAY ANALYSIS · EXTRACTED FROM THE RECORDED GAME ]
Feudal
8:07
Castle
—
Imperial
—
| APM avg | 59.4 |
| APM peak | 158 |
| eAPM avg | 13.7 |
| Villagers / military | 37 / 0 |
Focus
⚔️ 30.1% · 🌾 69.9%
Feudal
10:57
Castle
—
Imperial
—
| APM avg | 48.5 |
| APM peak | 73 |
| eAPM avg | 24.2 |
| Villagers / military | 32 / 0 |
Focus
⚔️ 36.0% · 🌾 64.0%
Match map
Initial resources + every placement click. Lines = walls · curves = elevation contours. ◆ gold · ⬟ stone · ● berries · ✦ relic · ◌ wall gap
Your base· ✓ Closed at 12:00 · 4t walls · 5 gate(s)
[H] Blabla's base· ✓ Closed at 12:00 · 36t walls · 2 gate(s)
Smoothed initial terrain · ◌ = detected wall gap · hover for details
Inputs per minute
— kim.henrik.himanen123 - - [H] Blabla
Build order — kim.henrik.himanen123
46 actions detected in the replay
| 0:00 | Queue | Villager (Male) ×4 |
| 0:00 | Queue | Villager (Male) ×4 |
| 0:01 | Build | House |
| 0:02 | Build | House |
| 0:32 | Build | Palisade Wall |
| 0:34 | Build | Palisade Wall |
| 0:49 | Build | Palisade Gate |
| 1:00 | Build | Palisade Gate |
| 1:03 | Build | Palisade Wall |
| 1:04 | Build | Palisade Wall |
| 1:17 | Build | Palisade Gate |
| 1:31 | Queue | Villager (Male) |
| 1:31 | Queue | Villager (Male) |
| 2:06 | Queue | Villager (Male) |
| 2:06 | Queue | Villager (Male) |
| 2:29 | Queue | Villager (Male) |
| 2:57 | Queue | Villager (Male) |
| 2:58 | Queue | Villager (Male) |
| 2:58 | Queue | Villager (Male) |
| 3:50 | Queue | Villager (Male) ×2 |
| 3:50 | Queue | Villager (Male) ×2 |
| 3:59 | Build | House |
| 4:08 | Build | Lumber Camp |
| 4:25 | Queue | Villager (Male) ×2 |
| 4:30 | Build | Mining Camp |
| 4:51 | Queue | Villager (Male) ×2 |
| 4:58 | Queue | Villager (Male) |
| 5:16 | Research | Loom |
| 5:57 | Research | Feudal Age |
| 7:23 | Queue | Villager (Male) ×2 |
| 7:49 | Build | House |
| 8:07 | Age | Feudal Age |
| 8:12 | Build | Watch Tower |
| 9:08 | Queue | Villager (Male) |
| 9:08 | Queue | Villager (Male) |
| 10:04 | Build | Watch Tower |
| 10:11 | Queue | Villager (Male) ×2 |
| 10:22 | Build | Blacksmith |
| 10:46 | Queue | Villager (Male) |
| 10:47 | Queue | Villager (Male) |
| 11:06 | Build | Watch Tower |
| 11:18 | Research | Fletching |
| 11:45 | Queue | Villager (Male) |
| 12:59 | Queue | Villager (Male) |
| 13:28 | Queue | Villager (Male) |
| 14:00 | Queue | Villager (Male) |
Build order — [H] Blabla
68 actions detected in the replay
| 0:02 | Queue | Villager (Male) |
| 0:03 | Build | House |
| 0:04 | Build | House |
| 0:07 | Queue | Villager (Male) |
| 0:08 | Queue | Villager (Male) |
| 0:08 | Queue | Villager (Male) |
| 0:08 | Queue | Villager (Male) |
| 1:20 | Build | Lumber Camp |
| 1:25 | Queue | Villager (Male) |
| 1:25 | Queue | Villager (Male) |
| 1:48 | Queue | Villager (Male) |
| 1:48 | Queue | Villager (Male) |
| 2:05 | Queue | Villager (Male) |
| 2:37 | Queue | Villager (Male) |
| 2:39 | Build | House |
| 3:07 | Build | House |
| 3:09 | Queue | Villager (Male) |
| 3:35 | Queue | Villager (Male) |
| 3:35 | Queue | Villager (Male) |
| 4:03 | Queue | Villager (Male) |
| 4:15 | Build | Mill |
| 4:36 | Queue | Villager (Male) |
| 5:00 | Queue | Villager (Male) |
| 5:40 | Queue | Villager (Male) |
| 5:57 | Build | Mill |
| 6:12 | Queue | Villager (Male) |
| 6:13 | Queue | Villager (Male) |
| 6:13 | Queue | Villager (Male) |
| 6:13 | Queue | Villager (Male) |
| 7:13 | Build | House |
| 7:36 | Build | Barracks |
| 7:47 | Queue | Villager (Male) |
| 8:10 | Research | Loom |
| 8:20 | Research | Feudal Age |
| 8:32 | Build | Mining Camp |
| 8:39 | Build | Palisade Wall |
| 8:50 | Queue | Villager (Male) |
| 8:59 | Build | Palisade Wall |
| 9:17 | Queue | Villager (Male) |
| 9:18 | Queue | Villager (Male) |
| 9:24 | Build | Palisade Wall |
| 9:34 | Build | Palisade Gate |
| 9:40 | Build | Palisade Wall |
| 9:43 | Build | Palisade Wall |
| 9:48 | Build | Palisade Wall |
| 9:49 | Build | Palisade Wall |
| 9:54 | Build | Palisade Wall |
| 9:57 | Queue | Villager (Male) |
| 9:57 | Queue | Villager (Male) |
| 9:58 | Build | Palisade Wall |
| 10:00 | Build | Palisade Wall |
| 10:03 | Build | Palisade Wall |
| 10:04 | Build | Palisade Wall |
| 10:14 | Queue | Villager (Male) |
| 10:25 | Queue | Villager (Male) |
| 10:57 | Age | Feudal Age |
| 10:58 | Build | Watch Tower |
| 11:01 | Research | Double-Bit Axe |
| 11:01 | Research | Double-Bit Axe |
| 11:28 | Build | Watch Tower |
| 11:48 | Queue | Villager (Male) |
| 12:10 | Queue | Villager (Male) |
| 12:11 | Build | Blacksmith |
| 13:10 | Build | Farm |
| 13:12 | Build | Farm |
| 13:12 | Build | Farm |
| 13:15 | Build | Farm |
| 13:47 | Build | Watch Tower |
Match timeline
| 0:32 | kim.henrik.himanen123 · wall_segment Palisade Wall x1 |
| 0:34 | kim.henrik.himanen123 · wall_segment Palisade Wall x1 |
| 1:03 | kim.henrik.himanen123 · wall_segment Palisade Wall x1 |
| 1:04 | kim.henrik.himanen123 · wall_segment Palisade Wall x1 |
| 7:36 | [H] Blabla · first_building Barracks |
| 8:07 | kim.henrik.himanen123 · age_up feudal |
| 8:39 | [H] Blabla · wall_segment Palisade Wall x9 |
| 8:59 | [H] Blabla · wall_segment Palisade Wall x14 |
| 9:24 | [H] Blabla · wall_segment Palisade Wall x5 |
| 9:40 | [H] Blabla · wall_segment Palisade Wall x1 |
| 9:43 | [H] Blabla · wall_segment Palisade Wall x2 |
| 9:48 | [H] Blabla · wall_segment Palisade Wall x1 |
| 9:49 | [H] Blabla · wall_segment Palisade Wall x1 |
| 9:54 | [H] Blabla · wall_segment Palisade Wall x1 |
| 9:58 | [H] Blabla · wall_segment Palisade Wall x1 |
| 10:00 | [H] Blabla · wall_segment Palisade Wall x1 |
| 10:03 | [H] Blabla · wall_segment Palisade Wall x1 |
| 10:04 | [H] Blabla · wall_segment Palisade Wall x1 |
| 10:57 | [H] Blabla · age_up feudal |
| 14:12 | [H] Blabla · resign |
[ AI ANALYSIS · 1 CREDIT ]
What really happened in this match?
Wolo.gg analyzes every decision: build order, eco, micro, common mistakes by bracket. Personalized analysis on WhatsApp or Discord in 30 seconds.
Civ guide
Teutons
Perfil
Jugador #25475928